 Dungeon Crawl Stone Soup version 0.28-a0-948-gee6e0bcda6 (webtiles) character file.

Game seed: 17762479260857591631

125 Conn the Sneak (level 5, 0/25 (31) HPs)
             Began as an Octopode Fire Elementalist on Nov 30, 2021.
             Slain by a mummy (11 damage)
             ... in an ossuary.
             The game lasted 00:04:51 (3094 turns).

Conn the Sneak (Octopode Fire Elementalist)         Turns: 3094, Time: 00:04:51

HP:   0/25 (31)     AC:  1    Str:  7    XL:     5   Next: 9%
MP:   1/9           EV: 13    Int: 19    God:
Gold: 73            SH:  0    Dex: 12    Spells: 8/9 levels left

rFire   + . .      SeeInvis .   e - +4 whip (venom)
rCold   . . .      Faith    .   (no shield)
rNeg    . . .      Spirit   .   (helmet restricted)
rPois   +          Reflect  .   (no amulet)
rElec   .          Harm     .   b - ring of protection from fire
rCorr   .          Rampage  .   n - ring of poison resistance
Will    .....                   (no ring)
Stlth   +++.......              (no ring)
HPRegen 0.08/turn               (no ring)
MPRegen 0.11/turn               (no ring)
                                (no ring)
                                (no ring)

@: heavily drained
A: almost no armour, amphibious, 8 rings, camouflage 1, gelatinous body 1,
(nimble swimmer 1), tentacles
a: no special abilities


You were in an ossuary.
You visited 1 branch of the dungeon, and saw 4 of its levels.
You also visited: Ossuary.

You collected 73 gold pieces.

Inventory:

Hand Weapons
 d - a +0 dagger
 e - a +4 whip of venom (weapon)
Missiles
 a - 20 poisoned darts
Jewellery
 b - a ring of protection from fire (left tentacle)
 n - a ring of poison resistance (right tentacle)
Scrolls
 g - a scroll of blinking {unknown}
 i - 3 scrolls of teleportation {unknown}
 l - a scroll of enchant armour {unknown}
 m - a scroll of noise {unknown}
Potions
 c - a potion of degeneration {unknown}
 f - a potion of curing {unknown}
 h - 2 potions of might {unknown}
 j - a potion of heal wounds {unknown}
 k - a potion of haste {unknown}


   Skills:
 + Level 0.3 Fighting
 + Level 0.8 Maces & Flails
 + Level 2.2 Dodging
 + Level 3.9 Stealth
 + Level 2.8 Spellcasting
 + Level 2.1 Conjurations
 + Level 3.8 Fire Magic


You had 8 spell levels left.
You knew the following spells:

 Your Spells              Type           Power      Damage    Failure   Level
a - Foxfire               Conj/Fire      56%        2x1d6     4%          1

Your spell library contained the following spells:

 Spells                   Type           Power      Damage    Failure   Level
 Scorch                   Fire           34%        2d6       4%          2
 Conjure Flame            Conj/Fire      14%        6-21      14%         3
 Animate Skeleton         Necr           4%         N/A       16%         1
 Pain                     Necr           8%         1d4       16%         1
 Summon Small Mammal      Summ           8%         N/A       16%         1
 Inner Flame              Hex/Fire       10%        N/A       22%         3
 Flame Wave               Conj/Fire      14%        2d5       41%         4
 Call Canine Familiar     Summ           2%         N/A       43%         3
 Summon Guardian Golem    Hex/Summ       2%         N/A       43%         3
 Vampiric Draining        Necr           2%         2d6       43%         3


Dungeon Overview and Level Annotations

Branches:
Dungeon (4/15)            Ossuary (1/1)
 Temple: D:4-7

Altars:


Innate Abilities, Weirdness & Mutations

You cannot wear most types of armour.
You are amphibious.
You can wear up to eight rings at the same time.
Your skin changes colour to match your surroundings (Stealth+).
Your rubbery body absorbs attacks. (AC +1, EV +1)
((You are camouflaged near water. (Stealth+)))
You have tentacles for arms and can constrict up to eight enemies at once.


Message History

The foxfire hits the gnoll zombie.
The gnoll zombie is heavily damaged.
Casting: Foxfire (safe; 4% risk of failure)
Confirm with . or Enter, or press ? or * to list all spells.
You conjure some foxfire!
The foxfire hits the gnoll zombie.
The gnoll zombie is heavily damaged.
Unknown command.
You whack the gnoll zombie!
You destroy the gnoll zombie!
The foxfire hits the mummy.
The mummy is lightly damaged.
The foxfire hits the mummy but does no damage.
The mummy is lightly damaged.
The foxfire hits the mummy.
The mummy is lightly damaged.
Casting: Foxfire (safe; 4% risk of failure)
Confirm with . or Enter, or press ? or * to list all spells.
You conjure some foxfire!
The mummy misses you.
Unknown command.
You hit the mummy. You grab the mummy. You squeeze the mummy.
The mummy is heavily damaged.
You constrict the mummy, but do no damage.
The foxfire hits the mummy but does no damage.
The mummy is heavily damaged.
The foxfire hits the mummy.
The mummy is burned terribly!
The mummy is severely damaged.
Casting: Foxfire (safe; 4% risk of failure)
Confirm with . or Enter, or press ? or * to list all spells.
You conjure some foxfire!
You constrict the mummy. The mummy hits you!
Ouch! That really hurt!
Unknown command.
You hit the mummy. You squeeze the mummy.
The mummy is almost destroyed.
You constrict the mummy.
The foxfire hits the mummy but does no damage.
The mummy is almost destroyed.
The foxfire hits the mummy but does no damage.
The mummy is almost destroyed.
The mummy hits you!
You die...

#.##.....#
#...8...#.'......#
#.......#.##.....#
#.......##.##....#
#....... #.##...#
#...... #.##..# ..Z.
#.##.#
#######M#########'#'#
.......@............#
.....8§..8..........#
#.............#'#'#'#
##...........##.#.#§#
####################


You could see a mummy and an orc zombie.

Vanquished Creatures
  2 adders
  2 worms
  2 dart slugs (D:1)
  5 orcs (D:3)
  2 spectral bats (Ossuary)
  11 ball pythons
  6 bats
  4 endoplasms
  4 giant cockroaches
  A goblin (D:1)
  6 hobgoblins
  3 jackals (D:3)
  3 quokkas
  A frilled lizard (D:2)
  5 gnoll zombies (Ossuary)
  4 goblin zombies (Ossuary)
  2 hobgoblin zombies (Ossuary)
  5 kobolds
  5 kobold zombies (Ossuary)
  3 orc zombies (Ossuary)
  4 rats
  5 spectral goblins (Ossuary)
  5 spectral kobolds (Ossuary)
  3 spectral rats (Ossuary)
93 creatures vanquished.

Vanquished Creatures (others)
  203 foxfires
203 creatures vanquished.

Grand Total: 296 creatures vanquished

Notes
Turn   | Place    | Note
-------+----------+-------------------------------------------
     0 | D:1      | Conn the Octopode Fire Elementalist began the quest for the
                  | Orb.
     0 | D:1      | Reached XP level 1. HP: 11/11 MP: 3/3
   360 | D:1      | Reached XP level 2. HP: 17/17 MP: 1/5
   584 | D:1      | Found a faded altar of an unknown god.
   881 | D:1      | Reached XP level 3. HP: 21/21 MP: 0/6
  1810 | D:3      | Reached XP level 4. HP: 27/27 MP: 5/7
  2684 | D:4      | Found a sand-covered staircase.
  2688 | Ossuary  | Entered an ossuary
  2894 | Ossuary  | Reached XP level 5. HP: 23/25 MP: 2/9
  3094 | Ossuary  | Slain by a mummy

Illustrated notes

Levels and vault maps discovered:
D:1:      minmay_arrival_stair_chambers, layout_basic,
          shapermc_ecumenical_altar_hornbeckon
D:2:      layout_rooms
D:3:      layout_loops_ring
D:4:      layout_loops_ring, grunt_temple_overflow_cloverleaf,
          minmay_temple_entry_gardened_gates, enter_ossuary_5,
          ebering_ghost_disaster_area
Ossuary:  ossuary_zaba_two_paths

Skill      XL: |  1  2  3  4 |
---------------+-------------+-----
Stealth        | 3 |  3.9
Conjurations   | 2 |  2.1
Fighting       | |  0.3
Maces & Flails | |  0.8
Dodging        | |  2.2
Spellcasting   | |  2.8
Fire Magic     | |  3.8

Action                   |  1- 3 |  4- 6 || total
-------------------------+-------+-------++-------
Melee: Constrict         |     5 |    13 ||    18
       Unarmed           |     1 |       ||     1
       Whip              |    11 |    84 ||    95
       Dagger            |     1 |       ||     1
       Tentacles         |     2 |    16 ||    18
 Cast: Foxfire           |    59 |    62 ||   121
 Stab: Sleeping          |     6 |     7 ||    13
Armor: Skin              |     2 |    20 ||    22
Dodge: Dodged            |     9 |    58 ||    67

Table legend: (Time is in decaauts)
 A = Elapsed time spent in this place.
 B = Non-inter-level travel time spent in this place.
 C = Inter-level travel time spent in this place.
 D = Time resting spent in this place.
 E = Time spent auto-exploring this place.
 F = Levels seen in this place.
 G = Mean time per level.
                   A        B        C        D        E       F      G
               +--------+--------+--------+--------+--------+-----+--------+
         Total |   3098 |   3089 |      9 |      0 |   2369 |   5 |  619.6 |
       Dungeon |   2688 |   2679 |      9 |      0 |   2122 |   4 |  672.0 |
       Ossuary |    410 |    410 |      0 |      0 |    247 |   1 |  410.0 |
               +--------+--------+--------+--------+--------+-----+--------+

Top non-repeatable levels by time:
     D:1: 1084 daAuts
     D:3: 1003 daAuts
     D:2: 582 daAuts
 Ossuary: 410 daAuts
     D:4: 17 daAuts
